 Dungeon Crawl Stone Soup version 0.27.1-35-g4d5d836560 (console) character file.

Game seed: 8435741124357106084

17090 grimtooth the Grappler (level 12, -7/114 HPs)
             Began as a Troll Arcane Marksman on Apr 21, 2022.
             Was a High Priest of Okawaru.
             Mangled by a seven-headed hydra (8 damage)
             ... on level 2 of the Lair of Beasts.
             The game lasted 00:56:17 (10625 turns).

grimtooth the Grappler (Troll Arcane Marksman)     Turns: 10625, Time: 00:56:20

Health: -7/114     AC: 10    Str: 21    XL:     12   Next: 15%
Magic:  16/17      EV: 13    Int: 13    God:    Okawaru [*****.]
Gold:   784        SH:  0    Dex: 10    Spells: 6/16 levels left

rFire    . . .     SeeInvis .     - Unarmed
rCold    + . .     Faith    .   (no shield)
rNeg     . . .     Spirit   .   W - +2 robe {rC+}
rPois    .         Reflect  .   (helmet restricted)
rElec    .         Harm     .   (no cloak)
rCorr    .         Rampage  .   (gloves unavailable)
Will     .....                  (boots unavailable)
Stlth    +.........             j - amulet of the acrobat
HPRegen  1.29/turn              f - +4 ring of protection
MPRegen  0.15/turn              O - +4 ring of evasion

@: no status effects
A: large, unfitting armour, claws 3, regeneration 1, shaggy fur 1, tough skin 1
a: Renounce Religion, Heroism, Finesse


You were on level 2 of the Lair of Beasts.
You worshipped Okawaru.
Okawaru was extremely pleased with you.
You visited 3 branches of the dungeon, and saw 13 of its levels.
You also visited: Sewer and Ice Cave.

You collected 784 gold pieces.

Inventory:

Hand Weapons
 N - the +10 mace "Xuel" {holy, rPois rN+ Will- Str+2}
   (You found it on level 9 of the Dungeon)

   It has been blessed by the Shining One to cause great damage to the undead
   and demons.
   Str:       It affects your strength (+2).
   rPois:     It protects you from poison.
   rN:        It protects you from negative energy.
   Will:      It decreases your willpower.
Missiles
 b - 9 large rocks
 c - 2 throwing nets {=f}
 d - 78 stones (quivered)
 i - 20 poisoned darts
 y - 30 boomerangs
Armour
 K - +0 steam dragon scales
 W - a +2 robe of cold resistance (worn)
Jewellery
 f - a +4 ring of protection (left claw)
 h - a ring of resist corrosion
 j - an amulet of the acrobat (around neck)
 z - an amulet of faith
 O - a +4 ring of evasion (right claw)
 Q - an amulet of regeneration
 S - a ring of magical power
Wands
 g - a wand of flame (82)
 w - a wand of digging (4)
 B - a wand of iceblast (11)
 L - a wand of paralysis (10)
Scrolls
 p - 2 scrolls of fog {unknown}
 s - 4 scrolls of teleportation {unknown}
 t - a scroll of summoning {unknown}
 u - 2 scrolls of torment {unknown}
 x - 2 scrolls of noise {unknown}
 A - a scroll of magic mapping {unknown}
 C - 2 scrolls of fear {unknown}
 D - 2 scrolls of immolation {unknown}
 E - 2 scrolls of enchant weapon {unknown}
 M - 3 scrolls of enchant armour {unknown}
 T - a scroll of holy word {unknown}
Potions
 k - 4 potions of lignification
 l - 6 potions of curing
 m - a potion of cancellation
 o - 4 potions of heal wounds
 q - 2 potions of haste
 r - 5 potions of might
 F - 3 potions of flight
 G - 3 potions of ambrosia
 H - a potion of attraction {unknown}
 R - a potion of invisibility
 V - a potion of resistance {unknown}
Miscellaneous
 P - a condenser vane


   Skills:
 - Level 6.0 Fighting
 - Level 6.0 Throwing
 - Level 1.5 Dodging
 - Level 9.0 Unarmed Combat
 + Level 2.8 Spellcasting
 - Level 6.0 Hexes
 - Level 6.0 Translocations
 + Level 8.7 Invocations


You had 6 spell levels left.
You knew the following spells:

 Your Spells              Type           Power      Damage    Failure   Level
a - Slow                  Hex            17%        N/A       3%          2
b - Corona                Hex            18%        N/A       1%          1
p - Apportation           Tloc           34%        N/A       1%          1
x - Portal Projectile     Hex/Tloc       34%        N/A       6%          3
z - Confusing Touch       Hex            17%        N/A       6%          3

Your spell library contained the following spells:

 Spells                   Type           Power      Damage    Failure   Level
 Gell's Gravitas          Tloc           8%         N/A       6%          3
 Lesser Beckoning         Tloc           8%         N/A       6%          3
 Teleport Other           Tloc           17%        N/A       6%          3
 Inner Flame              Hex/Fire       9%         N/A       21%         3
 Summon Guardian Golem    Hex/Summ       9%         N/A       21%         3
 Cause Fear               Hex            8%         N/A       21%         4
 Pain                     Necr           4%         1d4       24%         1
 Summon Small Mammal      Summ           4%         N/A       24%         1
 Call Canine Familiar     Summ           1%         N/A       56%         3
 Vampiric Draining        Necr           0%         2d6       56%         3
 Invisibility             Hex            8%         N/A       97%         6
 Agony                    Necr           1%         N/A       100%        5
 Alistair's Intoxication  Tmut/Pois      0%         N/A       100%        5
 Excruciating Wounds      Necr           0%         N/A       100%        5


Dungeon Overview and Level Annotations

Branches:
Dungeon (10/15)            Temple (1/1) D:5            Lair (2/6) D:10
  Sewer (visited)           IceCv (visited)
  Swamp: Lair:2-4    Shoals: Lair:2-4     Snake: Lair:2-4    Spider: Lair:2-4
    Orc: D:9-12

Altars:
Ashenzari
Dithmenos
Elyvilon
Fedhas
Nemelex Xobeh
Okawaru
Ru
Trog
Uskayaw
Vehumet
Wu Jian
Xom
The Shining One

Shops:
D:4 [   D:10 [

Annotations:
Lair:2 3 runed translucent doors, Pehuh's ghost, journeyman GrFi


Innate Abilities, Weirdness & Mutations

You are too large for most types of armour.
You have claws for hands.
Your natural rate of healing is unusually fast.
You are covered in fur. (AC +1)
You have tough skin. (AC +1)


Message History

The entropy weaver simulacrum hits you.
* * * LOW HITPOINT WARNING * * *
The entropy weaver simulacrum freezes you.
You resist.
* * * LOW HITPOINT WARNING * * *
The entropy weaver simulacrum hits you but does no damage.
The entropy weaver simulacrum hits you.
* * * LOW HITPOINT WARNING * * *
The entropy weaver simulacrum freezes you!
You resist.
* * * LOW HITPOINT WARNING * * *
Press: ? - help, v - describe, . - travel
Here: an entropy weaver simulacrum (slow)
The floor.
Enter note: - what the hell man
Okay, then.
There is an ice choked empty arch of ancient stone here.
Press: ? - help, v - describe, . - travel
Here: an entropy weaver simulacrum (slow)
The floor.
You see here an ugly thing corpse.
Press: ? - help, v - describe, . - travel
Here: an entropy weaver simulacrum (slow)
An ice choked empty arch of ancient stone.
Okay, then.
There is an ice covered gate leading back out of this place, spattered with blood here.
Aiming: Paralyse
Press: ? - help, Shift-Dir - straight line, f - entropy weaver simulacrum, p - entropy weaver simulacrum
Aim: an entropy weaver simulacrum (almost destroyed, chance to affect: 49%)
Okay, then.
Okay, then.
Welcome back to the Lair of Beasts!
Level annotation: 3 runed translucent doors, Pehuh's ghost, journeyman GrFi The seven-headed hydra completely misses you.
The seven-headed hydra bites you!
* * * LOW HITPOINT WARNING * * *
The seven-headed hydra bites you!
* * * LOW HITPOINT WARNING * * *
The seven-headed hydra bites you!
You die...

..P# P.## P..# #..#
#....#. ...# ##..#
#.....(># #.## ..P#
.......... ### #..#
##......... #..#
........# ##..##
###.D.....##
#....###...#......#
#.......#D#....#
##.##..#.@.#...#
###?###..#.#....#
#....##...#..P..##
##P.#####........# ##...#
###......# #.P##
####..### ###.### ##..#.#
## ####.....# #....#
.###.....##.# ##...#
..†..)..###.### ##...#
.######.....P.#####....##


You could see a seven-headed hydra.

Vanquished Creatures
  A hydra (Lair:2)
  A centaur warrior (D:9)
  2 ugly things (IceCv)
  3 ice statues (IceCv)
  9 cane toads
  A rime drake (Lair:1)
  2 komodo dragons
  A troll (D:10)
  Prince Ribbit (D:7)
  Grinder (D:3)
  12 yaks
  A death yak simulacrum (IceCv)
  2 steam dragons
  3 basilisks
  3 vampire mosquitoes (D:5)
  5 water moccasins
  Duvessa (D:4)
  4 orc warriors
  Purgy (Sewer)
  2 ice beasts
  A sky beast (D:5)
  A hornet zombie (D:6)
  4 ogres
  A black bear (D:6)
  A necrophage (D:4)
  32 wolves
  5 centaurs
  A kobold brigand (D:7)
  5 bullfrogs
  A gnoll sergeant (D:8)
  Dowan (D:4)
  5 scorpions
  A wyvern skeleton (D:6)
  An elephant simulacrum (IceCv)
  5 wights (D:7)
  A howler monkey (D:6)
  A bullfrog zombie (D:7)
  4 centaur zombies
  3 hounds
  3 orc priests
  2 jellies (D:5)
  A bullfrog skeleton (D:7)
  2 iguanas (D:7)
  Ijyb (D:3)
  Terence (D:3)
  7 orc wizards
  A polar bear simulacrum (IceCv)
  A wolf simulacrum (IceCv)
  2 howler monkey zombies
  7 adders
  3 gnolls (D:8)
  A river rat (D:3)
  A white imp (D:6)
  An ufetubus (D:7)
  2 worms
  A dart slug (D:1)
  28 orcs
  8 ball pythons
  4 bats
  8 endoplasms
  2 giant cockroaches (D:3)
  5 goblins
  3 hobgoblins
  4 jackals (D:2)
  2 quokkas (D:2)
  9 frilled lizards
  12 kobolds
252 creatures vanquished.

Vanquished Creatures (others)
  7 fungi
  8 plants
15 creatures vanquished.

Grand Total: 267 creatures vanquished

Notes
Turn   | Place    | Note
-------+----------+-------------------------------------------
     0 | D:1      | grimtooth the Troll Arcane Marksman began the quest for the
                  | Orb.
     0 | D:1      | Reached XP level 1. HP: 18/18 MP: 1/1
   134 | D:1      | Reached skill level 1 in Unarmed Combat
   202 | D:1      | Reached XP level 2. HP: 26/26 MP: 2/2
   284 | D:1      | Found a faded altar of an unknown god.
   695 | D:2      | Found a sparkling altar of Nemelex Xobeh.
   810 | D:2      | Reached skill level 2 in Unarmed Combat
  1047 | D:2      | Reached XP level 3. HP: 32/32 MP: 3/3
  1367 | D:3      | Found a white marble altar of Elyvilon.
  1466 | D:3      | Found a glowing drain.
  1487 | Sewer    | Entered a sewer
  1573 | Sewer    | Noticed Purgy
  1579 | Sewer    | Reached skill level 3 in Unarmed Combat
  1579 | Sewer    | Reached XP level 4. HP: 40/40 MP: 4/4
  1597 | Sewer    | Killed Purgy
  1598 | Sewer    | Reached skill level 4 in Unarmed Combat
  1598 | Sewer    | Reached XP level 5. HP: 31/46 MP: 5/5
  1764 | D:3      | Noticed Grinder
  1789 | D:3      | Killed Grinder
  1790 | D:3      | Reached skill level 5 in Unarmed Combat
  1790 | D:3      | Reached XP level 6. HP: 43/54 MP: 6/6
  1793 | D:3      | Learned a level 2 spell: Slow
  1866 | D:3      | Learned a level 3 spell: Confusing Touch
  1946 | D:3      | Noticed Terence
  1956 | D:3      | Killed Terence
  2103 | D:3      | Noticed Ijyb
  2111 | D:3      | Killed Ijyb
  2187 | D:4      | Reached skill level 6 in Unarmed Combat
  2187 | D:4      | Reached XP level 7. HP: 55/61 MP: 7/7
  2565 | D:4      | Noticed Dowan
  2606 | D:4      | Found Vacawk's Antique Armour Shop.
  2658 | D:4      | Reached skill level 7 in Unarmed Combat
  2721 | D:4      | Reached skill level 5 in Throwing
  2721 | D:4      | Reached XP level 8. HP: 68/68 MP: 2/8
  2761 | D:5      | Entered Level 5 of the Dungeon
  2864 | D:5      | Found a staircase to the Ecumenical Temple.
  2875 | Temple   | Entered the Ecumenical Temple
  2934 | Temple   | Became a worshipper of Warmaster Okawaru
  3101 | D:5      | Reached skill level 8 in Unarmed Combat
  3428 | D:5      | Reached * piety under Okawaru
  3718 | D:5      | Reached skill level 9 in Unarmed Combat
  3718 | D:5      | Reached skill level 1 in Fighting
  3769 | D:6      | Reached XP level 9. HP: 80/80 MP: 9/9
  3935 | D:6      | Reached ** piety under Okawaru
  3990 | D:6      | Found a shimmering altar of Xom.
  4239 | D:6      | Found an ornate altar of the Wu Jian Council.
  4252 | D:6      | Found a radiant altar of Vehumet.
  4890 | D:7      | Noticed Prince Ribbit
  4909 | D:7      | Killed Prince Ribbit
  5026 | D:7      | Reached skill level 5 in Fighting
  5093 | D:7      | Reached *** piety under Okawaru
  5554 | D:8      | Reached skill level 5 in Hexes
  5554 | D:8      | Reached XP level 10. HP: 96/96 MP: 6/10
  5568 | D:8      | Found a broken altar of Ashenzari.
  6405 | D:8      | Found a bloodstained altar of Trog.
  6530 | D:9      | Reached **** piety under Okawaru
  6575 | D:9      | Identified the +10 mace "Xuel" {holy, rPois rN+ Will-
                  | Str+2}
  6613 | D:9      | Reached skill level 1 in Invocations
  6644 | D:9      | Received a gift from Okawaru
  6711 | D:9      | Found a glowing golden altar of the Shining One.
  7179 | D:9      | Noticed a centaur warrior
  7191 | D:9      | Killed a centaur warrior
  7668 | D:4      | Noticed Duvessa
  7687 | D:4      | Killed Duvessa
  7688 | D:4      | Reached skill level 5 in Invocations
  7692 | D:4      | Killed Dowan
  8043 | D:10     | Entered Level 10 of the Dungeon
  8052 | D:10     | Learned a level 1 spell: Apportation
  8171 | D:10     | Found Vitt's Antique Armour Shoppe.
  8237 | D:10     | Found a hide-covered altar of Uskayaw.
  8361 | D:10     | Found a staircase to the Lair.
  8396 | D:10     | Found a blossoming altar of Fedhas.
  8471 | D:10     | Reached ***** piety under Okawaru
  8472 | D:10     | Reached skill level 1 in Translocations
  8788 | Lair:1   | Entered Level 1 of the Lair of Beasts
  8788 | Lair:1   | Noticed a cane toad
  8799 | Lair:1   | Killed a cane toad
  8914 | Lair:1   | Noticed a cane toad
  8914 | Lair:1   | Noticed a seven-headed hydra
  8955 | Lair:1   | Killed a cane toad
  8955 | Lair:1   | Received a gift from Okawaru
  9061 | Lair:1   | Reached XP level 11. HP: 98/105 MP: 11/14
  9071 | Lair:1   | Received a gift from Okawaru
  9107 | Lair:1   | Received a gift from Okawaru
  9159 | Lair:1   | Received a gift from Okawaru
  9365 | Lair:1   | Reached skill level 5 in Translocations
  9505 | Lair:1   | Received a gift from Okawaru
  9644 | Lair:1   | Learned a level 3 spell: Portal Projectile
 10072 | Lair:2   | Noticed a six-headed hydra
 10082 | Lair:2   | Killed a six-headed hydra
 10161 | Lair:2   | Received a gift from Okawaru
 10292 | Lair:2   | Found a runed translucent gate.
 10292 | Lair:2   | Found a runed translucent gate.
 10292 | Lair:2   | Found a runed translucent gate.
 10292 | Lair:2   | Noticed a four-headed hydra
 10292 | Lair:2   | Noticed Pehuh's ghost (journeyman GrFi)
 10307 | Lair:2   | Found a frozen archway.
 10394 | IceCv    | Entered an ice cave
 10412 | IceCv    | Reached XP level 12. HP: 93/114 MP: 14/17
 10619 | IceCv    | - what the hell man
 10625 | Lair:2   | HP: 1/114 [seven-headed hydra (9)]
 10625 | Lair:2   | Mangled by a seven-headed hydra

Illustrated notes

############# #######
##.....#[....## ##.....#
#......#[.....###......#
.......#.......#.......#
..............ZZ@.∩.†∩.#
.......#.......#.......#
#......#[.....###......#
##.....#(....## ##.....#
############# #######


Turn 10619 on IceCv: - what the hell man

Levels and vault maps discovered:
D:1:      dpeg_arrival_shrine, layout_rooms, shapermc_ecumenical_altar_pompeii
D:2:      layout_loops_ring, basic_altar
D:3:      layout_rooms, elyvilon_altar_4, portal_sewer_entry_c, uniq_terence,
          uniq_ijyb, uniq_grinder
D:4:      layout_cave_pools, serial_shops, nicolae_lakefront_shop, uniq_duvessa
D:5:      layout_basic, minmay_temple_entry_proselytizer
D:6:      layout_gridville, chequers_temple_overflow_statue_of_worship
D:7:      layout_basic, serial_corexii_hall, corexii_hall_statues_l,
          corexii_hall_statues_x, uniq_prince_ribbit1
D:8:      layout_gridville, trog_book, mainiacjoe_overflow_cross_hatched
D:9:      layout_layer_cave, tso_metal_star, roderic_lattice_a, st_stairs_6,
          minmay_stone_trees_medium, minmay_variable_closet
D:10:     layout_roguey, mainiacjoe_overflow_24_doors, nicolae_uskayaw_suspiria,
          lair_entry_dummy, serial_shops, nicolae_shop_stone
Temple:   nicolae_temple_figure_eight
Lair:1:   gammafunk_indiana_jones, layout_loops_ring,
          grunt_forest_large_clearings, lemuel_fruit_fields,
          infiniplex_staircase_pool_2, lemuel_fruit_tree
Lair:2:   layout_loops_ring, portal_ice_cave_entry_pillars_2,
          gammafunk_ghost_split

Skill      XL: |  1  2  3  4  5  6  7  8  9 10 11 |
---------------+----------------------------------+-----
Unarmed Combat | 1 2 3 4 5 6 7 9 |  9.0
Throwing       | 2 3 4 5 6 |  6.0
Fighting       | 2 5 6 |  6.0
Hexes          | 5 6 |  6.0
Invocations    | 5 8 |  8.7
Translocations | 2 6 |  6.0
Spellcasting   | 2 |  2.8
Dodging        | |  1.5

Action                   |  1- 3 |  4- 6 |  7- 9 | 10-12 || total
-------------------------+-------+-------+-------+-------++-------
Melee: Unarmed           |    86 |    46 |   275 |   571 ||   978
       Punch             |       |     1 |    10 |    20 ||    31
Throw: Stone             |    96 |    29 |   146 |    30 ||   301
       Dart              |    10 |     3 |     8 |       ||    21
       Large rock        |       |     3 |     3 |     4 ||    10
 Cast: Corona            |     1 |       |       |       ||     1
       Slow              |       |     2 |    48 |    64 ||   114
Invok: Heroism           |       |       |     1 |     8 ||     9
       Finesse           |       |       |       |     1 ||     1
Evoke: Wand              |       |       |       |     9 ||     9
  Use: Scroll            |       |     1 |     5 |     4 ||    10
       Potion            |       |       |       |     1 ||     1
 Stab: Sleeping          |       |       |       |     2 ||     2
       Invisible         |       |       |       |     3 ||     3
Armor: Robe              |    30 |    28 |    90 |    19 ||   167
       Steam dragon scal |       |       |       |   174 ||   174
Dodge: Dodged            |    53 |    38 |   147 |   350 ||   588
